 Dungeon Crawl Stone Soup version 0.28.0-43-g3370ac3207 (webtiles) character file.

Game seed: 8344787020446571614

4920 croobank the Firebug (level 10, -14/66 HPs)
             Began as a Demonspawn Fire Elementalist on Mar 11, 2022.
             Was a Follower of Hepliaklqana.
             Demolished by Harold
             ... wielding a +2 battleaxe of freezing
              (26 damage)
             ... on level 8 of the Dungeon.
             The game lasted 00:32:02 (8980 turns).

croobank the Firebug (Demonspawn Fire Elementalist) Turns: 8980, Time: 00:32:03

Health: -14/66     AC:  5    Str: 13    XL:     10   Next: 27%
Magic:  0/18       EV: 14    Int: 20    God:    Hepliaklqana [*.....]
Gold:   328        SH:  0    Dex: 16    Spells: 6/19 levels left

rFire   . . .      SeeInvis .   a - +11 short sword "Gram" {venom, Str+4 Dex+2}
rCold   . . .      Faith    .   (no shield)
rNeg    . . .      Spirit   +   r - +0 robe
rPois   .          Reflect  .   Q - +0 hat {Will+}
rElec   .          Harm     .   H - scarf {repulsion}
rCorr   .          Rampage  .   o - +0 pair of gloves
Will    +....                   E - +0 pair of boots
Stlth   +++.......              n - amulet of magic regeneration
HPRegen 0.21/turn               e - ring of flight
MPRegen 0.72/turn               (no ring)

@: marked, flying, repel missiles
A: reduced essence, spiny 1, magic shield, magic regeneration, sharp scales 1
a: Renounce Religion, Recall Ancestor, Ancestor Identity


You were on level 8 of the Dungeon.
You worshipped Hepliaklqana.
Hepliaklqana was aware of your devotion.
You visited 2 branches of the dungeon, and saw 9 of its levels.
You also visited: Sewer.

You collected 328 gold pieces.

Inventory:

Hand Weapons
 a - the +11 short sword "Gram" (weapon) {venom, Str+4 Dex+2}
   (You found it on level 2 of the Dungeon)

   It poisons the flesh of those it strikes.
   Str:       It affects your strength (+4).
   Dex:       It affects your dexterity (+2).
 b - the +7 hunting sling of Greatest Utility {speed, rN+++ Str-4 Int-5 SInv}
   (You found it in a sewer)

   Attacks with this weapon are significantly faster.
   Str:       It affects your strength (-4).
   Int:       It affects your intelligence (-5).
   rN:        It renders you almost immune to negative energy.
   SInv:      It lets you see invisible.
 f - a +0 whip
 j - a +0 hand axe
 k - a +2 spear of venom
 s - a +0 hunting sling of freezing
 S - a +2 falchion of freezing
Missiles
 d - 240 stones
 l - 8 poisoned darts
 m - 3 atropa-tipped darts
 q - 91 arrows
 v - 112 sling bullets
 x - 2 throwing nets
 N - 22 bolts
Armour
 c - a +0 scale mail
 o - a +0 pair of gloves (worn)
 r - a +0 robe (worn)
 A - a +0 leather armour
 D - a +1 helmet
 E - a +0 pair of boots (worn)
 H - a scarf of repulsion (worn)
 Q - a +0 hat of willpower (worn)
Magical Staves
 I - a staff of fire
Jewellery
 e - a ring of flight (left hand)
 n - an amulet of magic regeneration (around neck)
Wands
 p - a wand of polymorph (3)
 w - a wand of flame (22)
 z - a wand of acid (1)
Scrolls
 t - 4 scrolls of blinking
 y - 5 scrolls of teleportation
 B - a scroll of immolation
 C - a scroll of fog
 L - a scroll of brand weapon
 M - 3 scrolls of enchant weapon {unknown}
Potions
 g - 3 potions of haste
 h - 4 potions of curing
 i - 2 potions of invisibility
 u - a potion of degeneration
 F - 3 potions of ambrosia
 J - a potion of mutation {unknown}
 O - 2 potions of resistance
 P - 3 potions of heal wounds {unknown}


   Skills:
 + Level 5.1 Fighting
 + Level 4.5 Short Blades
 + Level 5.3 Dodging
 + Level 5.6 Stealth
 + Level 5.4 Spellcasting
 + Level 5.4 Conjurations
 + Level 5.7 Fire Magic
 + Level 4.6 Poison Magic


You had 6 spell levels left.
You knew the following spells:

 Your Spells              Type           Power      Damage    Failure   Level
a - Foxfire               Conj/Fire      100%       2x1d9     1%          1
b - Scorch                Fire           56%        2d7       1%          2
c - Mephitic Cloud        Conj/Pois/Air  18%        N/A       9%          3
d - Flame Wave            Conj/Fire      27%        2d7       11%         4
e - Teleport Other        Tloc           5%         N/A       32%         3

Your spell library contained the following spells:

 Spells                   Type           Power      Damage    Failure   Level
 Conjure Flame            Conj/Fire      27%        6-21      3%          3
 Ignite Poison            Fire/Tmut/Pois 19%        N/A       9%          3
 Inner Flame              Hex/Fire       17%        N/A       10%         3
 Gell's Gravitas          Tloc           5%         N/A       32%         3
 Freezing Cloud           Conj/Ice/Air   6%         6-21      82%         5
 Dispersal                Tloc           2%         N/A       100%        6


Dungeon Overview and Level Annotations

Branches:
Dungeon (8/15)             Temple (1/1) D:6           Sewer (visited)
   Lair: D:8-11

Altars:
Cheibriados
Dithmenos
Elyvilon
Fedhas
Hepliaklqana
Makhleb
Qazlal
Sif Muna
Uskayaw
Vehumet
Xom
Zin
The Shining One

Shops:
D:5 ::

Portals:
Abyss: D:5

Annotations:
D:4 1 runed translucent door, demenzo's ghost, amateur OgBe
D:5 2 transporters, PerfectTommy's ghost, amateur HOWn
D:8 Harold


Innate Abilities, Weirdness & Mutations

Your life essence is reduced to manifest your ancestor. (-10% HP)
You are partially covered in sharp spines.
When hurt, damage is shared between your health and your magic reserves.
You regenerate magic rapidly.
You are partially covered in razor-sharp scales. (AC +1, Slay +1)


Message History

You miscast Scorch.
You are very lightly contaminated with residual magic.
Nothing appears to happen.
Casting: Scorch (safe; 1% risk of failure)
Confirm with . or Enter, or press ? or * to list all spells.
Flames lash Harold.
Harold is burned terribly!
Harold is heavily wounded.
Casting: Scorch (safe; 1% risk of failure)
Confirm with . or Enter, or press ? or * to list all spells.
Flames lash Harold but do no damage.
Harold points at you and mumbles some strange words.
A sentinel's mark forms upon you.
You barely miss Harold.
Harold is heavily wounded.
You hit Harold.
Harold is poisoned.
Harold is heavily wounded.
Harold hits you with a +2 battleaxe of freezing!
Harold freezes you.
You hit Harold but do no damage.
Harold looks as sick as possible!
Harold is heavily wounded.
Harold hits you with a +2 battleaxe of freezing.
Harold freezes you.
You hit Harold.
Harold looks as sick as possible!
Harold is severely wounded.
Harold is struck by your spines.
Harold hits you with a +2 battleaxe of freezing!!
Harold freezes you.
You puncture Harold!
Harold looks as sick as possible!
Harold is severely wounded.
Harold is struck by your spines.
Harold hits you with a +2 battleaxe of freezing!
* * * LOW HITPOINT WARNING * * *
Harold freezes you.
* * * LOW HITPOINT WARNING * * *
Your magical contamination has completely faded away.
Casting: Scorch (safe; 1% risk of failure)
Confirm with . or Enter, or press ? or * to list all spells.
Flames lash Harold but do no damage.
Harold hits you with a +2 battleaxe of freezing!!
You die...

*#...# *.## *..,,,,* #...#
*#.#####.?,,,,*
###...#####........,,,**
##.....#..........#**<**
####................#**,,*
##...##.............#**,**
...######...........#*,,*
..## #..#........##.#* .##
*#.#####(@@.....# ..***
#..# #..#.#...#
...,***#.## #..#*#*..#*
.#..,,,#.* #..#*,,,,,***
.####,,..** #...,,,****,*
.## **#.,,*** #....*** *,*
..# **,,,,,**#...#* *,*
..# *,,***,,,...##* *,*
..##*#.#* ***,,,,,,*** *,*


You could see Harold (extremely poisoned, combustible).

Vanquished Creatures
  Gastronok (D:8)
  A two-headed ogre (D:8)
  A shadow (D:6)
  A yak (D:6)
  A wyvern (D:7)
  A water moccasin (D:5)
  An orc warrior (D:6)
  A sky beast (D:5)
  2 black bears (D:6)
  A necrophage (D:6)
  5 ogres
  A centaur (D:7)
  A phantom (D:7)
  A kobold brigand (D:6)
  3 bullfrogs
  3 scorpions
  2 howler monkeys (D:7)
  A centaur zombie (D:8)
  A bullfrog zombie (D:6)
  2 hounds
  4 orc priests
  4 jellies
  Ijyb (D:3)
  A centaur skeleton (D:6)
  4 iguanas
  4 orc wizards
  A hell rat (Sewer)
  Robin (D:3)
  11 adders
  8 gnolls
  A howler monkey skeleton (D:6)
  A river rat (Sewer)
  A shadow imp (D:4)
  A white imp (D:5)
  2 ufetubi
  2 worms (D:2)
  2 dart slugs
  29 orcs
  6 bats
  5 endoplasms
  2 giant cockroaches
  19 goblins
  9 hobgoblins
  8 jackals
  14 kobolds
  3 quokkas
  9 ball pythons
  2 frilled lizards
  8 rats
194 creatures vanquished.

Vanquished Creatures (collateral kills)
  A hornet zombie (D:8)
  A howler monkey (D:7)
  A centaur zombie (D:8)
  An orc (D:7)
4 creatures vanquished.

Vanquished Creatures (others)
  2 ancestors (D:8)
  221 foxfires
  6 plants (D:5)
229 creatures vanquished.

Grand Total: 427 creatures vanquished

Notes
Turn   | Place    | Note
-------+----------+-------------------------------------------
     0 | D:1      | croobank the Demonspawn Fire Elementalist began the quest
                  | for the Orb.
     0 | D:1      | Reached XP level 1. HP: 13/13 MP: 3/3
   140 | D:1      | Gained mutation: You are partially covered in sharp spines.
                  | [demonic ancestry]
   140 | D:1      | Reached XP level 2. HP: 16/19 MP: 0/5
   143 | D:1      | Learned a level 2 spell: Scorch
   621 | D:1      | Gained mutation: You are partially covered in razor-sharp
                  | scales. (AC +1, Slay +1) [demonic ancestry]
   621 | D:1      | Reached XP level 3. HP: 24/24 MP: 0/6
  1400 | D:2      | Identified the +11 short sword "Gram" {venom, Str+4 Dex+2}
  1544 | D:2      | Reached XP level 4. HP: 30/30 MP: 4/7
  1591 | D:2      | Found a faded altar of an unknown god.
  2333 | D:2      | Found a radiant altar of Vehumet.
  2419 | D:3      | Noticed Robin
  2440 | D:3      | Killed Robin
  2443 | D:3      | Reached XP level 5. HP: 31/36 MP: 7/9
  2529 | D:3      | Reached skill level 1 in Short Blades
  2742 | D:3      | Noticed Ijyb
  2752 | D:3      | Killed Ijyb
  2753 | D:3      | Reached skill level 1 in Fighting
  3691 | D:4      | Found a runed translucent door.
  3692 | D:4      | Noticed demenzo's ghost (amateur OgBe)
  3692 | D:4      | Noticed a hornet
  3936 | D:4      | Reached XP level 6. HP: 43/43 MP: 8/10
  4230 | D:5      | Entered Level 5 of the Dungeon
  4238 | D:5      | Learned a level 3 spell: Mephitic Cloud
  4350 | D:5      | Reached XP level 7. HP: 50/50 MP: 6/11
  4356 | D:5      | Reached skill level 1 in Poison Magic
  4474 | D:5      | Found Coiw Zats's Book Shoppe.
  4484 | D:5      | Found Voohuaj's Book Shoppe.
  4727 | D:5      | Learned a level 4 spell: Flame Wave
  4936 | D:5      | Found a one-way gate to the infinite horrors of the Abyss.
  4936 | D:5      | Noticed an ancient zyme
  4936 | D:5      | Noticed PerfectTommy's ghost (amateur HOWn)
  4950 | D:5      | Found a transporter.
  5033 | D:5      | You are sucked into a shaft and drop 3 floors!
  5081 | D:7      | Gained mutation: You regenerate magic rapidly. [demonic
                  | ancestry]
  5081 | D:7      | Reached XP level 8. HP: 52/57 MP: 4/13
  5353 | D:6      | Identified a scroll of acquirement
  5353 | D:6      | Acquired an amulet of magic regeneration
  5540 | D:6      | Found a blossoming altar of Fedhas.
  5629 | D:6      | Gained mutation: When hurt, damage is shared between your
                  | health and your magic reserves. [demonic ancestry]
  5629 | D:6      | Reached XP level 9. HP: 53/65 MP: 15/15
  5737 | D:6      | Found a glowing drain.
  5806 | Sewer    | Entered a sewer
  5942 | Sewer    | Reached skill level 5 in Fire Magic
  5948 | Sewer    | Identified the +7 hunting sling of Greatest Utility {speed,
                  | rN+++ Str-4 Int-5 SInv}
  6152 | D:6      | Found a staircase to the Ecumenical Temple.
  6159 | Temple   | Entered the Ecumenical Temple
  6167 | Temple   | Became a worshipper of Hepliaklqana the Forgotten
  6654 | D:5      | Found a transporter.
  7404 | D:7      | Reached * piety under Hepliaklqana
  7655 | D:7      | Reached skill level 5 in Stealth
  8172 | D:8      | Noticed a two-headed ogre
  8185 | D:8      | Killed a two-headed ogre
  8186 | D:8      | Reached skill level 5 in Dodging
  8186 | D:8      | Reached skill level 5 in Spellcasting
  8186 | D:8      | Reached skill level 5 in Conjurations
  8426 | D:8      | Found a snail-covered altar of Cheibriados.
  8597 | D:8      | Noticed Gastronok
  8602 | D:8      | Learned a level 3 spell: Teleport Other
  8616 | D:8      | Killed Gastronok
  8617 | D:8      | Reached skill level 5 in Fighting
  8617 | D:8      | Reached XP level 10. HP: 30/66 MP: 2/18
  8951 | D:8      | Noticed Harold
  8980 | D:8      | Demolished by Harold

Illustrated notes

Levels and vault maps discovered:
D:1:      eino_arrival_cavern_e, layout_rooms, minmay_ruptured
D:2:      layout_basic, basic_altar, basic_ecumenical_altar,
          corexii_item_surrounded_by_moat, minmay_tetromino_i2
D:3:      layout_loops_ring, uniq_ijyb, uniq_robin
D:4:      layout_basic, ebering_ghost_inner_flame, chequers_serial_rivers_marsh
D:5:      layout_basic, gammafunk_ghost_abyssal_escape,
          nicolae_wooded_promenade, grunt_ministairs_14, serial_bayou_lake_a
D:6:      layout_basic, lemuel_tele_altar, minmay_temple_entry_nine_rooms,
          gup_sewer_entry_glass, minmay_tree_intersection,
          hangedman_minor_gate_pass
D:7:      layout_loops_corners
D:8:      layout_layer_cave, kennysheep_mini_moat, uniq_harold, uniq_gastronok
Temple:   eino_narrow_crystal_temple

Skill      XL: |  1  2  3  4  5  6  7  8  9 |
---------------+----------------------------+-----
Stealth        | 2 3 4 5 |  5.6
Dodging        | 2 3 4 5 |  5.3
Fire Magic     | 3 4 5 |  5.7
Conjurations   | 2 3 4 5 |  5.4
Short Blades   | 1 2 3 4 |  4.5
Fighting       | 1 2 3 5 |  5.1
Spellcasting   | 3 4 5 |  5.4
Poison Magic   | 1 3 4 |  4.6

Action                   |  1- 3 |  4- 6 |  7- 9 | 10-12 || total
-------------------------+-------+-------+-------+-------++-------
Melee: Unarmed           |     2 |       |       |       ||     2
       Whip              |     9 |       |       |       ||     9
       Hand axe          |     9 |       |       |       ||     9
       Short sword       |     1 |    37 |   102 |     5 ||   145
       Punch             |       |       |     3 |       ||     3
 Fire: Hunting sling     |       |       |     3 |       ||     3
 Cast: Foxfire           |    25 |    46 |    54 |     2 ||   127
       Scorch            |    16 |    23 |    66 |     7 ||   112
       Flame Wave        |       |       |     2 |       ||     2
Evoke: Wand              |       |       |     2 |     1 ||     3
  Use: Scroll            |       |     4 |     9 |     3 ||    16
       Potion            |       |     1 |       |       ||     1
 Stab: Sleeping          |       |       |     2 |       ||     2
Armor: Robe              |     9 |    10 |    35 |       ||    54
Dodge: Dodged            |    19 |    21 |    74 |     1 ||   115
       Repelled          |       |       |     1 |     1 ||     2
